 Dungeon Crawl Stone Soup version 0.29-a0-330-g52719c12eb (webtiles) character file.

Game seed: 17125464698383916086

833 kae the Firebug (level 7, -8/50 HPs)
             Began as a Demigod Fire Elementalist on May 20, 2022.
             Killed by an exploding orc wizard (30 damage)
             ... ignited by their inner flame
             ... on level 7 of the Dungeon.
             The game lasted 00:02:40 (5039 turns).

kae the Firebug (Demigod Fire Elementalist)         Turns: 5039, Time: 00:02:41

Health: -8/50      AC: 13    Str:  9    XL:     7   Next: 38%
Magic:  7/15       EV: 12    Int: 25    God:
Gold:   143        SH:  0    Dex: 14    Spells: 4/13 levels left

rFire   . . .      SeeInvis .   i - +3 dagger (protect)
rCold   . . .      Faith    .   (no shield)
rNeg    . . .      Spirit   .   a - +0 robe
rPois   .          Reflect  .   (no helmet)
rElec   .          Harm     .   (no cloak)
rCorr   .          Rampage  .   m - +1 pair of gloves
Will    .....                   p - +1 pair of boots
Stlth   ++........              (no amulet)
HPRegen 0.16/turn               (no ring)
MPRegen 0.14/turn               (no ring)

@: lethally poisoned (-8 -> -25), marked, under a protective aura
A: high MP 1, forlorn, divine attributes
a: no special abilities


You were on level 7 of the Dungeon.
You visited 1 branch of the dungeon, and saw 5 of its levels.

You collected 143 gold pieces.

Inventory:

Hand Weapons
 i - a +3 dagger of protection (weapon)
Armour
 a - a +0 robe (worn)
 c - the +3 robe of Serendipity {Dex+4}
   (You found it on level 4 of the Dungeon)

   Dex:       It affects your dexterity (+4).
 m - a +1 pair of gloves (worn)
 p - a +1 pair of boots (worn)
Jewellery
 f - a ring of willpower
 s - a ring of protection from fire
Wands
 n - a wand of flame (9)
Scrolls
 d - 2 scrolls of blinking
 g - 5 scrolls of vulnerability
 j - a scroll of amnesia
 l - 2 scrolls of fog
Potions
 b - a potion of magic
 e - a potion of ambrosia
 h - 5 potions of flight
 k - a potion of brilliance {unknown}
 o - a potion of might {unknown}
 q - 4 potions of curing
 r - a potion of heal wounds {unknown}


   Skills:
 - Level 1.7 Dodging
 - Level 1.7 Stealth
 + Level 3.6 Spellcasting
 * Level 5.0 Conjurations
 * Level 5.6 Fire Magic


You had 4 spell levels left.
You knew the following spells:

 Your Spells              Type           Power      Damage    Failure   Level
a - Foxfire               Conj/Fire      100%       2x1d9     1%          1
b - Scorch                Fire           64%        2d8       1%          2
c - Conjure Flame         Conj/Fire      31%        6-21      3%          3
d - Inner Flame           Hex/Fire       18%        N/A       9%          3

Your spell library contained the following spells:

 Spells                   Type           Power      Damage    Failure   Level
 Freeze                   Ice            16%        1d4       10%         1
 Flame Wave               Conj/Fire      31%        2d8       11%         4
 Sublimation of Blood     Necr           4%         N/A       14%         2
 Wereblood                Tmut           4%         N/A       14%         2
 Frozen Ramparts          Ice            8%         1d2       28%         3
 Hailstorm                Conj/Ice       17%        3d6       34%         4
 Summon Hydra             Summ           2%         N/A       100%        7


Dungeon Overview and Level Annotations

Branches:
Dungeon (4/15)
 Temple: D:4-7


Innate Abilities, Weirdness & Mutations

You have an increased reservoir of magic. (+10% MP)
You shall have no god before yourself.
Your divine heritage dramatically boosts your attributes as you level up.


Message History

Casting: Foxfire (safe; 1% risk of failure)
Confirm with . or Enter, or press ? or * to list all spells.
You conjure some foxfire!
The hound bites you. The hound closely misses you.
A sky beast comes into view.
The foxfire hits the hound but does no damage.
The hound is lightly wounded.
The foxfire hits the hound.
The hound is moderately wounded.
The hound bites you but does no damage.
Casting: Foxfire (safe; 1% risk of failure)
Confirm with . or Enter, or press ? or * to list all spells.
You conjure some foxfire!
The hound closely misses you. The hound misses you.
The orc wizard hits you with a +2 dagger of venom.
You are poisoned.
You feel sick.
The foxfire hits the sky beast.
The sky beast is lightly wounded.
The foxfire hits the hound.
The hound is moderately wounded.
The hound misses you.
The orc wizard hits you with a +2 dagger of venom.
You are more poisoned.
You closely miss the orc wizard.
The orc wizard is lightly wounded.
You feel very sick. The hound bites you. The hound misses you.
The orc wizard hits you with a +2 dagger of venom.
You are more poisoned.
An orc wizard comes into view. It is wielding a +0 dagger.
The sky beast hits you. The sky beast shocks you.
The orc wizard hits you with a +0 dagger.
You hit the orc wizard.
Flame seeps out of the orc wizard.
Your weapon exudes an aura of protection.
The orc wizard is heavily wounded.
You feel very sick. The hound bites you but does no damage.
The orc wizard is engulfed in blazing flames.
The orc wizard explodes!
The fiery explosion engulfs you!!
Ouch! That really hurt!
You die...

..##.#....## ##
#####......#
...#####.......##..
?........##........
...................
.######.###....#...
..#####.###o...#...
........Yo..†......
###.....@ho.####..
#.....§○..# ...
#.....§§§.# ..
.........?.#
###.........#
#.........#
#...../...#
###########


You could see a sky beast, a hound, an orc priest and 2 orc wizards.

Vanquished Creatures
  A wyvern (D:4)
  A water moccasin (D:3)
  A bullfrog (D:7)
  A scorpion (D:4)
  5 wights (D:7)
  A hound (D:7)
  Jessica (D:2)
  An iguana (D:7)
  An orc wizard (D:7)
  5 adders
  A dart slug (D:1)
  3 orcs (D:4)
  8 ball pythons
  3 bats
  8 endoplasms
  6 giant cockroaches
  5 hobgoblins
  3 jackals (D:2)
  9 kobolds
  3 quokkas
  A frilled lizard (D:3)
  3 goblins
  6 rats
77 creatures vanquished.

Vanquished Creatures (collateral kills)
  A foxfire (D:1)
1 creature vanquished.

Vanquished Creatures (others)
  342 foxfires
342 creatures vanquished.

Grand Total: 420 creatures vanquished

Notes
Turn   | Place    | Note
-------+----------+-------------------------------------------
     0 | D:1      | kae the Demigod Fire Elementalist began the quest for the
                  | Orb.
     0 | D:1      | Reached XP level 1. HP: 14/14 MP: 5/5
    30 | D:1      | Reached skill level 1 in Conjurations
   305 | D:1      | Reached XP level 2. HP: 20/20 MP: 4/7
  1648 | D:2      | Noticed Jessica
  1652 | D:2      | Reached XP level 3. HP: 26/26 MP: 3/8
  2071 | D:2      | Killed Jessica
  2072 | D:2      | Reached XP level 4. HP: 33/33 MP: 6/10
  2176 | D:2      | Learned a level 2 spell: Scorch
  2180 | D:2      | Learned a level 3 spell: Conjure Flame
  3526 | D:3      | Noticed a water moccasin
  3953 | D:3      | Killed a water moccasin
  3954 | D:3      | Reached XP level 5. HP: 38/38 MP: 3/12
  4115 | D:4      | Noticed a wyvern
  4139 | D:4      | Identified the +3 robe of Serendipity {Dex+4}
  4222 | D:4      | Killed a wyvern
  4223 | D:4      | Reached XP level 6. HP: 45/45 MP: 2/13
  4488 | D:4      | Learned a level 3 spell: Inner Flame
  4762 | D:4      | You fall into a shaft and drop 3 floors!
  4804 | D:7      | Reached skill level 5 in Fire Magic
  4885 | D:7      | Reached XP level 7. HP: 50/50 MP: 10/15
  5030 | D:7      | Reached skill level 5 in Conjurations
  5039 | D:7      | Killed by an exploding orc wizard... ignited by their inner
                  | flame

Illustrated notes

Levels and vault maps discovered:
D:1:      sevenhm_arrival_forest_fort_small_4, layout_basic, serial_forest,
          infiniplex_forest_corner_1, infiniplex_forest_zigzag_1,
          infiniplex_forest_fountain, infiniplex_forest_lined_3,
          infiniplex_forest_lined_3_way,
          hellmonk_ecumenical_altar_defaced_shrine,
          chequers_serial_rivers_marsh, ebering_dispersal_statue_hall,
          bh_walls_and_bars
D:2:      layout_basic, uniq_jessica
D:3:      layout_loops_ring
D:4:      layout_gridville
D:7:      gammafunk_wand_slinger, layout_rooms, nicolae_overflow_hidden_temple

Skill      XL: |  1  2  3  4  5  6  7 |
---------------+----------------------+-----
Conjurations   | 1 2 3 4 5 |  5.0
Fire Magic     | 3 4 5 |  5.6
Spellcasting   | 2 3 |  3.6
Dodging        | |  1.7
Stealth        | |  1.7

Action                   |  1- 3 |  4- 6 |  7- 9 || total
-------------------------+-------+-------+-------++-------
Melee: Dagger            |    14 |       |     2 ||    16
 Cast: Foxfire           |    77 |   106 |    13 ||   196
       Scorch            |       |     9 |       ||     9
       Conjure Flame     |       |     3 |       ||     3
       Inner Flame       |       |       |     1 ||     1
  Use: Potion            |     2 |       |       ||     2
       Scroll            |       |     8 |       ||     8
Armor: Robe              |     4 |     4 |     2 ||    10
Dodge: Dodged            |    29 |     5 |     6 ||    40

Table legend: (Time is in decaauts)
 A = Elapsed time spent in this place.
 B = Non-inter-level travel time spent in this place.
 C = Inter-level travel time spent in this place.
 D = Time resting spent in this place.
 E = Time spent auto-exploring this place.
 F = Levels seen in this place.
 G = Mean time per level.
                   A        B        C        D        E       F      G
               +--------+--------+--------+--------+--------+-----+--------+
         Total |   5052 |   4862 |    190 |    360 |   3831 |   5 | 1010.4 |
       Dungeon |   5052 |   4862 |    190 |    360 |   3831 |   5 | 1010.4 |
               +--------+--------+--------+--------+--------+-----+--------+

Top non-repeatable levels by time:
     D:1: 1799 daAuts
     D:2: 1182 daAuts
     D:3: 1073 daAuts
     D:4: 719 daAuts
     D:7: 276 daAuts
